 Dungeon Crawl Stone Soup version 0.32-a0-699-g1ee5eff69a (webtiles) character file.

Game seed: 15548663141046571908

1619368 Berder the Annihilator (level 27, 215/254 HPs)
             Began as a Naga Fire Elementalist on Mar 10, 2024.
             Was the Champion of Vehumet.
             Escaped with the Orb
             ... and 3 runes on Mar 13, 2024!
             The game lasted 04:17:43 (81486 turns).

Berder the Annihilator (Naga Fire Elementalist)    Turns: 81486, Time: 04:17:43

Health: 215/254    AC: 33    Str: 12    XL:     27
Magic:  68/68      EV: 10    Int: 29    God:    Vehumet [******]
Gold:   7416       SH:  5    Dex: 16    Spells: 8/72 levels left

rFire   + + +        f - staff of fire
rCold   + . .        (no shield)
rNeg    + + +        U - +3 leather armour "Gedd" {rPois MP+9}
rPois   +            (helmet restricted)
rElec   .            j - +2 cloak "Tat Roj" {MP+9 Dex+3}
rCorr   .            y - +2 pair of gloves {infuse}
SInv    +            R - +4 barding {Stlth+}
Will    +++++        W - amulet of Eternity {Reflect rC++ rN++ Str-2 SH+5}
Stlth   +            t - ring of willpower
HPRegen 0.62/turn    S - ring "Cohoem" {Fire ^Drain rN+ Int+4}
MPRegen 0.41/turn

%: random rage (3%), reflection, infuse magic (1 MP)
@: studying 4 skills, very slow
A: AC +9, large, see invisible, deformed body, poison resistance, slowness 2,
spit poison 1, naga tail 2, antennae 1, stinger 2, berserk 1, fire resistance 1,
strong-willed 2
0: Orb of Zot
}: 3/15 runes: serpentine, barnacled, silver
a: Spit Poison, Renounce Religion


You escaped.
You worshipped Vehumet.
Vehumet was exalted by your worship.
You visited 10 branches of the dungeon, and saw 48 of its levels.
You also visited: Wizlab and Desolation.

You collected 9084 gold pieces.
You spent 1668 gold pieces at shops.

Inventory:

Hand Weapons
 a - the +12 demon whip of Sihaun {drain, Will+ Str-4 Int+6 Dex+2}
   (You found it on level 5 of the Vaults)

   Str-4:     It affects your strength (-4).
   Int+6:     It affects your intelligence (+6).
   Dex+2:     It affects your dexterity (+2).
   Will+:     It increases your willpower.
 X - the +5 long sword "Ymion" {freeze, rElec rC+ Str+5}
   (You found it on level 2 of the Lair of Beasts)

   Str+5:     It affects your strength (+5).
   rC+:       It protects you from cold.
   rElec:     It insulates you from electricity.
Armour
 j - the +2 cloak "Tat Roj" (worn) {MP+9 Dex+3}
   (You bought it in a shop on level 1 of the Orcish Mines)

   Dex+3:     It affects your dexterity (+3).
   MP+9:      It affects your magic capacity (+9).
 y - a +2 pair of gloves of infusion (worn)
 A - a +2 helmet
 R - a +4 barding of stealth (worn)
 U - the +3 leather armour "Gedd" (worn) {rPois MP+9}
   (You found it on level 3 of the Shoals)

   rPois:     It protects you from poison.
   MP+9:      It affects your magic capacity (+9).
Magical Staves
 f - a staff of fire (weapon)
 w - the staff of the Hierophant {rPois rC+ rCorr Ice Earth}
   (You found it in the Desolation of Salt)

   [staff of cold]

   Base accuracy: +5 Base damage: 5 Base attack delay: 1.2 This weapon's minimum
   attack delay (0.6) is reached at skill level 12.
   rC+:       It protects you from cold.
   rPois:     It protects you from poison.
   rCorr:     It protects you from acid and corrosion.
   Ice:       It increases the power of your Ice spells.
   Earth:     It increases the power of your Earth spells.
   It falls into the 'Staves' category.
   It is a one-handed weapon.
 B - a staff of conjuration
Jewellery
 c - the ring "Sogh" {Fly rC+ Str+6}
   (You found it on level 5 of the Realm of Zot)

   [ring of flight]

   Str+6:     It affects your strength (+6).
   rC+:       It protects you from cold.
   Fly:       It grants you flight.
 t - a ring of willpower (left hand)
 u - a ring of flight
 v - a ring of the Octopus King {Wiz HP+2 AC+2 EV+2 SH+2}
   (You found it in the Desolation of Salt)

   [ring of wizardry]

   Wiz:       It improves your spell success rate.
   AC+2:      It affects your AC (+2).
   EV+2:      It affects your evasion (+2).
   HP+2:      It affects your health (+2).
   SH+2:      It affects your SH (+2).
 H - the ring "Dutz" {rElec rC- rN+ rCorr Int+4}
   (You found it in the Desolation of Salt)

   [ring of positive energy]

   Int+4:     It affects your intelligence (+4).
   rC-:       It makes you vulnerable to cold.
   rElec:     It insulates you from electricity.
   rN+:       It protects you from negative energy.
   rCorr:     It protects you from acid and corrosion.
 S - the ring "Cohoem" (right hand) {Fire ^Drain rN+ Int+4}
   (You took it off a deep elf blademaster on level 3 of the Elven Halls)

   [ring of fire]

   Fire:      It enhances your fire magic.
   Int+4:     It affects your intelligence (+4).
   rF+:       It protects you from fire.
   rC-:       It makes you vulnerable to cold.
   rN+:       It protects you from negative energy.
   ^Drain:    It drains your maximum health when unequipped.
 W - the amulet of Eternity (around neck) {Reflect rC++ rN++ Str-2 SH+5}
   (You took it off a deep elf sorcerer on level 3 of the Elven Halls)

   [amulet of reflection]

   Reflect:   It reflects blocked missile attacks.
   Str-2:     It affects your strength (-2).
   rC++:      It greatly protects you from cold.
   rN++:      It greatly protects you from negative energy.
   SH+5:      It affects your SH (+5).
 Y - a ring of ice
Wands
 e - a wand of acid (1)
 F - a wand of iceblast (35)
 G - a wand of digging (5)
 K - a wand of charming (22)
Scrolls
 d - 5 scrolls of noise
 g - 3 scrolls of revelation
 i - 6 scrolls of fear
 l - 16 scrolls of fog
 p - 10 scrolls of vulnerability
 q - a scroll of amnesia
 D - 27 scrolls of identify
 J - 10 scrolls of blinking
 O - a scroll of silence
 P - 3 scrolls of poison
 Q - 20 scrolls of teleportation
Potions
 b - a potion of berserk rage
 h - 2 potions of ambrosia
 k - 20 potions of curing
 m - 6 potions of brilliance
 n - 12 potions of might
 r - a potion of cancellation
 s - 7 potions of mutation
 x - 2 potions of attraction
 z - 6 potions of heal wounds
 C - 2 potions of magic
 E - 7 potions of enlightenment
 L - 3 potions of invisibility
 V - 9 potions of haste
 Z - 2 potions of resistance
Miscellaneous
 o - a phial of floods
 M - a lightning rod (4/4)
 N - a tin of tremorstones (2/2)


   Skills:
 - Level 16.5 Fighting
 - Level 8.0 Maces & Flails
 - Level 15.0 Armour
 - Level 7.3 Dodging
 - Level 3.0 Stealth
 + Level 23.0 Spellcasting
 O Level 27 Conjurations
 - Level 6.2 Summonings
 - Level 21.6 Fire Magic
 - Level 6.4 Ice Magic
 - Level 8.0 Air Magic
 - Level 9.9 Earth Magic
 - Level 5.9 Alchemy


You had 8 spell levels left.
You knew the following spells:

 Your Spells              Type           Power      Damage    Failure   Level
a - Fire Storm            Conj/Fire      78%        8d20      1%          9
b - Lehudib's Crystal Sp  Conj/Erth      48%        10d11     1%          8
c - Spellforged Servitor  Conj/Summ      46%        N/A       1%          7
d - Fireball              Conj/Fire      78%        3d29      0%          5
e - Passwall              Erth           74%        N/A       1%          3
g - Starburst             Conj/Fire      78%        6d20      0%          6
h - Irradiate             Conj/Alch      46%        3d27      1%          5
i - Bombard               Conj/Erth      48%        9d8       1%          6
j - Orb of Destruction    Conj           56%        9d14      0%          7
k - Ignition              Fire           75%        3d20      1%          8

Your spell library contained the following spells:

 Spells                   Type           Power      Damage    Failure   Level
 Chain Lightning          Conj/Air       47%        3d62      22%         9
 Foxfire                  Conj/Fire      100%       2x1d9     0%          1
 Magic Dart               Conj           100%       1d8       0%          1
 Sandblast                Erth           100%       2d20      0%          1
 Shock                    Conj/Air       100%       1d9       0%          1
 Scorch                   Fire           100%       2d9       0%          2
 Searing Ray              Conj           100%       2d8       0%          2
 Static Discharge         Conj/Air       100%       3-8/arc   0%          2
 Dazzling Flash           Conj/Hex       100%       N/A       0%          3
 Hailstorm                Conj/Ice       92%        3d15      0%          3
 Stone Arrow              Conj/Erth      100%       3d13      0%          3
 Brom's Barrelling Bould  Conj/Erth      96%        2d11      0%          4
 Flame Wave               Conj/Fire      100%       2d21      0%          4
 Fulminant Prism          Conj/Alch      46%        3d21      0%          4
 Iskenderun's Battlesphe  Conj           100%       2d15      0%          5
 Freeze                   Ice            100%       1d10      1%          1
 Necrotise                Necr           100%       1d9       1%          1
 Slow                     Hex            100%       N/A       1%          1
 Summon Small Mammal      Summ           100%       N/A       1%          1
 Cigotuvi's Dreadful Rot  Necr/Alch/Air  100%       N/A       1%          2
 Jinxbite                 Hex            66%        N/A       1%          2
 Sublimation of Blood     Necr           33%        N/A       1%          2
 Call Canine Familiar     Summ           63%        N/A       1%          3
 Frozen Ramparts          Ice            100%       1d16      1%          3
 Inner Flame              Hex/Fire       100%       N/A       1%          3
 Summon Ice Beast         Ice/Summ       63%        N/A       1%          3
 Volatile Blastmotes      Fire/Tloc      100%       2d18      1%          3
 Airstrike                Air            34%        2d(5-21)  1%          4
 Animate Armour           Summ/Erth      100%       N/A       1%          4
 Ignite Poison            Fire/Alch      100%       N/A       1%          4
 Iskenderun's Mystic Bla  Conj/Tloc      84%        2d17      1%          4
 Petrify                  Alch/Erth      68%        N/A       1%          4
 Sticky Flame             Fire/Alch      100%       2d15      1%          4
 Summon Blazeheart Golem  Fire/Summ      100%       N/A       1%          4
 Summon Lightning Spire   Summ/Air       66%        N/A       1%          4
 Arcjolt                  Conj/Air       47%        1d57      1%          5
 Freezing Cloud           Conj/Ice/Air   42%        6-21      1%          5
 Conjure Ball Lightning   Conj/Air       47%        3x3d16    1%          6
 Permafrost Eruption      Ice/Erth       34%        2x4d10    1%          6
 Vhi's Electric Charge    Tloc/Air       100%       N/A       2%          4
 Yara's Violent Unravell  Hex/Alch       25%        3d11      2%          5
 Confusing Touch          Hex            33%        N/A       3%          3
 Gell's Gravitas          Tloc           33%        N/A       3%          3
 Sigil of Binding         Hex            33%        N/A       3%          3
 Teleport Other           Tloc           33%        N/A       3%          3
 Tukima's Dance           Hex            33%        N/A       3%          3
 Vampiric Draining        Necr           33%        2d8       3%          3
 Martyr's Knell           Necr/Summ      51%        N/A       3%          4
 Eringya's Noxious Bog    Alch           31%        4d6       4%          6
 Summon Forest            Summ/Tloc      25%        N/A       9%          5
 Anguish                  Hex/Necr       16%        N/A       12%         4
 Animate Dead             Necr           33%        N/A       12%         4
 Cause Fear               Hex            16%        N/A       12%         4
 Dimensional Bullseye     Hex/Tloc       16%        N/A       12%         4
 Dispel Undead            Necr           33%        3d14      12%         4
 Passage of Golubria      Tloc           33%        N/A       12%         4
 Sculpt Simulacrum        Ice/Alch       31%        N/A       14%         6
 Curse of Agony           Necr           33%        N/A       32%         5
 Maxwell's Capacitive Co  Air            34%        ∞         54%         8
 Monstrous Menagerie      Summ           31%        N/A       58%         7
 Summon Hydra             Summ           31%        N/A       58%         7
 Death Channel            Necr           16%        N/A       87%         6
 Dispersal                Tloc           16%        N/A       87%         6
 Haunt                    Necr/Summ      25%        N/A       95%         7
 Malign Gateway           Summ/Tloc      25%        N/A       95%         7
 Summon Horrible Things   Summ           31%        N/A       99%         8
 Enfeeble                 Hex            16%        N/A       100%        7
 Borgnjor's Revivificati  Necr           16%        N/A       100%        8
 Infestation              Necr           16%        N/A       100%        8
 Death's Door             Necr           16%        N/A       100%        9
 Dragon's Call            Summ           31%        N/A       100%        9
 Polar Vortex             Ice            31%        12d4*     100%        9


Dungeon Overview and Level Annotations

Branches:
Dungeon (15/15)            Temple (1/1) D:5            Lair (5/5) D:11
 Shoals (4/4) Lair:2        Snake (4/4) Lair:2        Slime (0/5) Lair:5
    Orc (2/2) D:11            Elf (3/3) Orc:2        Vaults (5/5) D:14
  Crypt (0/3) Vaults:2     Depths (4/4) D:15            Zot (5/5) Depths:4
 WizLab (visited)         Desolation (visited)

Altars:
Ashenzari
Cheibriados
Dithmenos
Elyvilon
Fedhas
Gozag
Hepliaklqana
Kikubaaqudgha
Makhleb
Nemelex Xobeh
Okawaru
Qazlal
Ru
Sif Muna
Trog
Uskayaw
Vehumet
Wu Jian
Xom
Yredelemnul
Zin
The Shining One
Beogh

Shops:
D:5 ([   Orc:1 [   Orc:2 !=(   Shoals:3 *   Snake:2 !(?:=   Snake:4 :
Vaults:4 *   Depths:2 ?[:

Portals:
Hell: Depths:1 Depths:2 Depths:3 Depths:4
Abyss: Depths:2 Depths:3 Depths:4
Pandemonium: Depths:2 Depths:3
Ziggurat: Depths:1
Trove: Depths:3 (give horn of Geryon)

Annotations:
D:4 2 runed translucent doors, 0gre's ghost, amateur DsBr
D:8 exclusion: two-headed ogre
D:13 5 runed translucent doors
Lair:2 exclusion: oklob plant


Innate Abilities, Weirdness & Mutations

Your serpentine skin is tough. (AC +9)
You have supernaturally acute eyesight. (SInv)
Armour fits poorly on your strangely shaped body.
Your system is resistant to poisons. (rPois)
You cover ground very slowly.
You can spit poison.
You can use your snake-like lower body to constrict enemies.
You have a pair of small antennae on your head.
Your tail ends in a sharp venomous barb.
You sometimes lose your temper in combat.
Your flesh is heat resistant. (rF+)
You are highly strong-willed. (Will++)


Message History

A mysterious force pulls you upwards. The hatch slams shut behind you.
Level annotation: 2 runed translucent doors, 0gre's ghost, amateur DsBr A Hell Sentinel comes into view.
You can't go up here!
The Hell Sentinel gestures at you.
The sphere of damnation explodes!
The damnation engulfs you!!
Things that are here:
a +0 mace; an orc skeleton
Things that are here:
a +0 leather armour; a +0 club; an orc skeleton The Hell Sentinel gestures at you.
The sphere of damnation explodes!
The damnation engulfs you!!
There is a stone staircase leading up here.
The Hell Sentinel gestures at you. The iron shot hits you!!
You climb upwards.
There is a stone staircase leading down here.
There is a stone staircase leading up here.
You climb upwards.
There is a stone staircase leading down here.
Items here: ))) [[.
Things that are here:
a +0 dagger; a goblin skeleton
There is a stone staircase leading up here.
Items here: )) ÷÷.
You climb upwards.
There is a stone staircase leading down here.
There is an open door here.
Casting: Fire Storm (mildly dangerous; 1% risk of failure)
Confirm with . or Enter, or press ? or * to list all spells.
Aiming: Passwall (safe; 1% risk of failure)
Press: ? - help, Dir - move target A rock wall.
This square is covered in magical glow.
You begin to meditate on the wall.
You continue meditating on the rock. x2
You finish merging with the rock.
The shadow demon croaks.
There is a staircase leading out of the dungeon here.
Magic restored.
You have escaped!

#.........####.......# #.
#.........#..........###.
#.........#.##†....#.##..
#.........#.#####..#....#
###.........# #..###..#
################....>..#
#.............#######...
#.............# #.(.
#.....2@......# ###...
#.............# ##...##
#.............# ##..####
######.#.###### #..## #
#...# #.## # #.#.# #.# #
#...# ###.# # #.#.# #...#
#...# ####.###


You could see a shadow demon.

Vanquished Creatures
  6 ancient liches (Zot:5)
  8 dread liches
  Mara (Snake:4)
  2 orbs of fire (Zot:5)
  2 juggernauts
  Bai Suzhen (Elf:3)
  3 Killer Klowns (Zot:5)
  4 curse toes
  8 caustic shrikes
  Nikola (Snake:4)
  18 golden dragons
  2 electric golems (Zot:5)
  12 tentacled monstrosities
  Mlioglotl (Snake:4)
  2 walking crystal tomes
  Rupert (D:13)
  7 titans
  Zenata (Elf:2)
  25 Orb Guardians
  3 walking divine tomes
  A walking earthen tome (Depths:4)
  A Hell Sentinel (Zot:3)
  2 deep elf blademasters (Elf:3)
  3 deep elf master archers (Elf:3)
  4 liches
  8 quicksilver dragons
  4 krakens
  3 sphinxes
  6 death cobs
  An Executioner (D:13)
  Kirke (Lair:5)
  Gastronok (Lair:1)
  Agnes (D:15)
  Polyphemus (Shoals:3)
  7 shadow dragons
  Aizul (Shoals:3)
  7 tengu reavers
  A strange machine (WizLab)
  15 storm dragons
  Ilsuiw (Shoals:2)
  A daeva (Shoals:4)
  Donald (Shoals:4)
  Roxanne (D:14)
  4 draconian scorchers
  12 draconian monks
  11 draconian knights
  5 iron dragons
  13 fire giants
  13 nagarajas (Snake:4)
  6 deep elf sorcerers
  20 frost giants
  4 protean progenitors
  3 ghost moths
  19 vault wardens
  4 spectral caustic shrikes (Depths:3)
  4 draconian shifters
  4 orc warlords
  Louise (D:15)
  4 draconian stormcallers
  2 deep elf elementalists (Elf:3)
  A balrug (D:13)
  3 angels
  An imperial myrmidon (Desolation)
  33 very ugly things
  2 reapers
  4 draconian annihilators
  20 ironbound preservers
  3 formless jellyfish
  2 cacodemons
  17 stone giants
  6 ironbound thunderhulks
  4 deep elf annihilators
  2 vampire knights (Depths:2)
  5 deep elf death magi
  10 deep elf demonologists
  A lorocyproca (D:13)
  16 dire elephants
  14 purple draconians
  17 green draconians
  5 black draconians
  9 yellow draconians
  12 red draconians
  A war gargoyle (Vaults:5)
  A spark wasp (Depths:2)
  11 white draconians
  2 halazid warlocks (Desolation)
  2 green deaths
  A blizzard demon (Depths:1)
  8 fire dragons
  24 ettins
  7 merfolk javelineers
  3 ragged hierophants (Desolation)
  10 merfolk impalers
  3 crystal guardians (Desolation)
  15 great orbs of eyes
  12 deep elf high priests
  Josephine (D:11)
  35 vault guards
  10 rakshasas
  8 servants of whispers (Desolation)
  Erolcha (Orc:2)
  6 peacekeepers
  2 salamander tyrants
  7 spriggan air magi
  3 entropy weavers
  8 ice dragons
  9 hydras
  14 yaktaur captains
  4 ogre magi
  13 merfolk aquamancers
  7 catoblepae
  4 merfolk avatars
  9 anacondas
  6 centaur warriors
  9 ironbound frosthearts
  12 boulder beetles
  2 alligator snapping turtles
  42 dancing weapons
  20 death yaks
  15 two-headed ogres
  8 deep troll shamans
  4 tengu warriors
  2 demonic crawlers
  A satyr (Shoals:4)
  5 occultists
  15 deep troll earth magi
  4 hell hogs (Zot:1)
  3 spriggans
  3 vampire magi
  5 spriggan berserkers
  An orc high priest (Orc:2)
  5 shock serpents
  23 hell knights
  14 naga sharpshooters
  15 naga warriors
  5 sun demons
  5 skeletal warriors
  A soul eater (Vaults:2)
  15 deep elf knights
  4 skysharks
  13 iron trolls
  A sixfirhy (Depths:4)
  21 sea snakes
  A deep troll (shapeshifter) (Depths:3)
  69 deep trolls
  An orb spider (shapeshifter) (Vaults:5)
  A bog body (Lair:2)
  A sun moth (shapeshifter) (Vaults:5)
  A cherub (Shoals:4)
  3 glowing orange brains
  A salamander mystic (Snake:3)
  8 mana vipers
  9 deep elf archers
  An obsidian statue (Zot:5)
  3 arcanists
  3 flayed ghosts
  7 naga ritualists
  14 lindwurms
  A snapping turtle (shapeshifter) (Vaults:2)
  2 phantasmal warriors (Vaults:5)
  24 ironbound convokers
  22 harpies
  2 thermic dynamos (Elf:1)
  13 orc knights
  22 deep elf zephyrmancers
  28 deep elf pyromancers
  A harpy (shapeshifter) (D:13)
  10 orc sorcerers (Orc:2)
  7 necromancers
  22 ugly things
  2 lightning spires (Elf:2)
  A large abomination (D:15)
  16 manticores
  9 fauns
  9 cyclopes
  Maurice (D:7)
  16 salamanders
  A frost giant skeleton (Vaults:4)
  10 elephants
  A meliai (shapeshifter) (Vaults:2)
  A manticore (shapeshifter) (Vaults:5)
  An elephant (shapeshifter) (Vaults:5)
  23 moths of wrath
  38 black mambas
  8 merfolk sirens
  2 torpor snails (Lair:2)
  13 guardian serpents
  4 water nymphs
  A stone giant skeleton (Vaults:4)
  17 vault sentinels
  16 naga magi
  Joseph (D:8)
  4 gargoyles
  2 ice statues
  9 cane toads
  5 smoke demons
  Maggie (Lair:2)
  An eye of devastation (shapeshifter) (Vaults:5)
  An unseen horror (shapeshifter) (D:15)
  3 efreet
  13 komodo dragons
  3 unseen horrors (D:11)
  3 ice devils (Lair:2)
  4 rime drakes
  46 yaktaurs
  4 freezing wraiths
  2 hellwings
  2 merfolk (shapeshifter)
  26 merfolk
  15 trolls
  A troll (shapeshifter) (D:13)
  5 wind drakes
  42 saltlings (Desolation)
  8 hornets
  A glass eye (Depths:2)
  4 polar bears
  A dream sheep (Shoals:4)
  16 blink frogs
  3 snapping turtles
  2 shadows
  42 slime creatures
  A ynoxinul (D:6)
  10 air elementals (Elf:2)
  8 wraiths
  24 water elementals
  69 yaks
  3 wyverns
  2 hogs (Lair:4)
  6 golden eyes (D:11)
  A basilisk (Lair:4)
  A basilisk (shapeshifter) (D:15)
  2 fire elementals (Elf:3)
  4 wargs
  2 redbacks (shapeshifter) (Vaults:2)
  7 vampire mosquitoes
  2 redbacks (Vaults:3)
  2 steam dragons (D:9)
  47 nagas
  2 chaos spawn (Zot:3)
  An acid dragon (shapeshifter) (Elf:3)
  6 acid dragons
  16 water moccasins
  An ogre skeleton (Vaults:4)
  2 black bears (D:11)
  2 ice beasts
  4 sky beasts
  18 orc warriors
  A swamp drake (D:11)
  20 ogres
  11 centaurs
  A boggart (shapeshifter) (Vaults:5)
  A tengu (shapeshifter) (D:13)
  14 wolves
  A phantom (D:6)
  15 bullfrogs
  5 scorpions
  An earth elemental (Elf:1)
  2 cane toad simulacra (Lair:2)
  A gnoll sergeant (D:13)
  2 two-headed ogre simulacra (Lair:2)
  18 wights
  7 killer bees (D:11)
  11 electric eels
  2 howler monkeys
  4 lava snakes (Lair:3)
  18 orc priests
  4 jellies
  Crazy Yiuf (D:2)
  2 gnoll boudas
  2 hounds
  A sleepcap (D:8)
  Terence (D:2)
  Jessica (D:2)
  9 iguanas
  Natasha (twice) (D:2)
  7 hell rats (Lair:4)
  33 orc wizards
  2 troll simulacra (Lair:2)
  Robin (D:2)
  9 gnolls
  9 adders
  12 white imps
  2 ufetubi (D:7)
  2 dart slugs
  2 ribbon worms
  86 orcs
  7 ball pythons
  6 bats
  15 endoplasms
  6 giant cockroaches
  14 goblins
  8 hobgoblins
  5 jackals
  A quokka (D:1)
  4 frilled lizards
  5 kobolds
  11 rats
  A spectral hobgoblin (D:1)
  4 aspiring fleshes
  10 tentacles
2416 creatures vanquished.

Vanquished Creatures (collateral kills)
  An orb of fire (Zot:5)
  A tentacled monstrosity (Zot:3)
  2 death cobs (Zot:2)
  A storm dragon (Zot:3)
  A draconian shifter (Depths:4)
  A spectral caustic shrike (Depths:3)
  A stone giant (Depths:1)
  A green draconian (Zot:3)
  A black draconian (Zot:3)
  A purple draconian (Zot:1)
  2 hydras
  A death yak (Depths:3)
  A tengu warrior (D:15)
  A hell knight (Depths:1)
  A cherub (Shoals:4)
  A mana viper (Snake:3)
  A naga ritualist (Snake:3)
  A deep troll (D:15)
  3 ugly things (Depths:1)
  2 necromancers
  A naga mage (Snake:3)
  A guardian serpent (Desolation)
  2 saltlings (Desolation)
  An ogre (Depths:3)
  An orc priest (Orc:1)
  An iguana (D:6)
  2 foxfires
34 creatures vanquished.

Vanquished Creatures (others)
  A white draconian (Depths:4)
  An anaconda (Snake:3)
  A deep elf zephyrmancer (Elf:2)
  2 lightning spires (Elf:2)
  A troll (D:11)
  A yak (D:11)
  A white imp (D:11)
  307 fire vortices
  1113 foxfires
  7 tentacles
1435 creatures vanquished.

Grand Total: 3885 creatures vanquished

Notes
Turn   | Place    | Note
-------+----------+-------------------------------------------
     0 | D:1      | Berder the Naga Fire Elementalist began the quest for the
                  | Orb.
     0 | D:1      | Reached XP level 1. HP: 15/15 MP: 3/3
   200 | D:1      | Reached skill level 2 in Conjurations
   200 | D:1      | Reached XP level 2. HP: 22/22 MP: 0/5
   255 | D:1      | Learned a level 2 spell: Scorch
   626 | D:1      | Reached XP level 3. HP: 24/28 MP: 6/6
   682 | D:1      | Found a faded altar of an unknown god.
   814 | D:1      | Reached skill level 3 in Conjurations
   994 | D:2      | Noticed Natasha
   998 | D:2      | Killed Natasha
  1000 | D:2      | Noticed Jessica
  1003 | D:2      | Reached XP level 4. HP: 36/36 MP: 0/7
  1083 | D:2      | Noticed Terence
  1256 | D:2      | Noticed Robin
  2145 | D:4      | Reached XP level 5. HP: 42/42 MP: 2/8
  2264 | D:4      | Reached skill level 4 in Conjurations
  2580 | D:4      | Found a runed translucent door.
  2805 | D:4      | Found a snail-covered altar of Cheibriados.
  2836 | D:4      | Noticed 0gre's ghost (amateur DsBr)
  2909 | D:4      | Found a runed translucent door.
  3116 | D:5      | Entered Level 5 of the Dungeon
  3152 | D:5      | Reached XP level 6. HP: 49/49 MP: 3/9
  3341 | D:5      | Found a staircase to the Ecumenical Temple.
  3348 | Temple   | Entered the Ecumenical Temple
  3376 | D:5      | Noticed a water moccasin
  3380 | D:5      | Killed a water moccasin
  3381 | D:5      | Reached skill level 5 in Conjurations
  3381 | D:5      | Reached skill level 5 in Fire Magic
  3427 | D:5      | Found Naem's Weapon Emporium.
  3485 | D:5      | Reached XP level 7. HP: 41/55 MP: 2/10
  4017 | D:5      | Reached skill level 6 in Conjurations
  4170 | D:5      | Learned a level 3 spell: Stone Arrow
  4567 | D:5      | Found Gilgamesh's Dragon-Slaying Spoils.
  4766 | D:6      | Reached XP level 8. HP: 62/62 MP: 6/11
  4778 | D:6      | Learned a level 4 spell: Flame Wave
  4916 | D:6      | Noticed a yak
  4916 | D:6      | Noticed a yak
  5506 | D:6      | Reached skill level 1 in Fighting
  5506 | D:6      | Reached skill level 1 in Earth Magic
  5823 | D:6      | HP: 2/68 [ogre/+0 giant club (13)]
  5827 | D:6      | Reached XP level 9. HP: 3/74 MP: 1/14
  6127 | D:6      | Found an ancient bone altar of Kikubaaqudgha.
  6755 | D:6      | Found a radiant altar of Vehumet.
  6943 | D:6      | Became a worshipper of Vehumet
  7166 | D:7      | Found a shadowy altar of Dithmenos.
  7999 | D:7      | Noticed Maurice
  8057 | D:2      | Killed Terence
  8076 | D:2      | Killed Robin
  8084 | D:2      | Reached * piety under Vehumet
  8084 | D:2      | Offered knowledge of Magic Dart by Vehumet.
  8131 | D:2      | Killed Jessica
  8600 | D:2      | Noticed Natasha
  8602 | D:2      | Killed Natasha
  8631 | D:2      | Found a runed translucent door.
  8632 | D:2      | Noticed Crazy Yiuf
  8706 | D:2      | Killed Crazy Yiuf
  8824 | D:7      | Killed Maurice
  8825 | D:7      | Reached skill level 5 in Fighting
  8825 | D:7      | Reached skill level 5 in Spellcasting
  8825 | D:7      | Reached skill level 5 in Earth Magic
  8825 | D:7      | Reached XP level 10. HP: 84/88 MP: 4/17
  9059 | D:8      | You fall into a shaft and drop 3 floors!
  9061 | D:11     | Identified a scroll of acquirement
  9061 | D:11     | Acquired 1091 gold pieces
  9079 | D:11     | Noticed a boulder beetle
  9080 | D:11     | Noticed a boulder beetle
  9080 | D:11     | Noticed a gargoyle
  9082 | D:11     | Noticed a deep elf pyromancer
  9109 | D:11     | Noticed an unseen horror
  9116 | D:11     | Killed an unseen horror
  9118 | D:11     | Noticed a manticore
  9127 | D:11     | Reached skill level 5 in Dodging
  9130 | D:11     | Offered knowledge of Momentum Strike by Vehumet.
  9131 | D:11     | Reached ** piety under Vehumet
  9136 | D:11     | Gained mutation: Your spells are a little harder to cast,
                  | but a little more powerful. [potion of mutation]
  9136 | D:11     | Lost mutation: Your spells are a little harder to cast, but
                  | a little more powerful. [potion of mutation]
  9136 | D:11     | Gained mutation: You occasionally lose the ability to drink
                  | potions when taking damage. [potion of mutation]
  9137 | D:11     | Lost mutation: You occasionally lose the ability to drink
                  | potions when taking damage. [potion of mutation]
  9137 | D:11     | Gained mutation: Your flesh is heat resistant. (rF+)
                  | [potion of mutation]
  9137 | D:11     | Gained mutation: You are covered in fur. (AC +1) [potion of
                  | mutation]
  9137 | D:11     | Gained mutation: Your tail ends in a venomous barb. [potion
                  | of mutation]
  9149 | D:11     | Noticed a boulder beetle
  9164 | D:11     | Found a staircase to the Orcish Mines.
  9224 | D:11     | Learned a level 3 spell: Passwall
  9305 | D:11     | Killed a manticore
  9431 | D:11     | Killed a boulder beetle
  9624 | D:11     | Noticed a manticore
  9681 | Orc:1    | Entered Level 1 of the Orcish Mines
  9685 | Orc:1    | Noticed an orc knight
  9698 | D:11     | Learned a level 5 spell: Freezing Cloud
  9778 | D:11     | Reached skill level 1 in Ice Magic
  9778 | D:11     | Reached skill level 1 in Air Magic
  9780 | D:11     | Noticed a boulder beetle
  9810 | D:11     | Killed a boulder beetle
  9811 | D:11     | Reached XP level 11. HP: 100/100 MP: 4/21
 10235 | D:11     | Noticed a manticore
 10247 | D:11     | Killed a manticore
 10417 | D:11     | Noticed an orc knight
 10446 | D:11     | Noticed a manticore
 10454 | D:11     | Killed a manticore
 10591 | D:11     | Killed a manticore
 10683 | D:11     | Noticed a two-headed ogre
 10686 | D:11     | Found a staircase to the Lair.
 10687 | D:11     | Killed a deep elf pyromancer
 10688 | D:11     | Reached skill level 5 in Ice Magic
 10688 | D:11     | Reached skill level 5 in Air Magic
 10700 | D:11     | Killed a two-headed ogre
 10700 | D:11     | Offered knowledge of Hailstorm by Vehumet.
 10887 | D:11     | Noticed a green ugly thing
 10899 | D:11     | Noticed a brown ugly thing
 10984 | D:10     | Entered Level 10 of the Dungeon
 11015 | D:10     | Reached skill level 7 in Conjurations
 11141 | D:9      | Reached *** piety under Vehumet
 11354 | D:9      | Noticed a centaur warrior
 11367 | D:9      | Killed a centaur warrior
 11368 | D:9      | Reached XP level 12. HP: 66/112 MP: 8/22
 11487 | D:9      | Noticed a two-headed ogre
 11492 | D:9      | Noticed a catoblepas
 11495 | D:9      | Found a blossoming altar of Fedhas.
 11667 | D:9      | Offered knowledge of Fulminant Prism by Vehumet.
 11916 | D:8      | Noticed a two-headed ogre
 11998 | D:8      | Noticed Joseph
 12005 | D:8      | Killed Joseph
 12270 | D:8      | Reached **** piety under Vehumet
 12489 | D:8      | Found a glowing golden altar of the Shining One.
 12490 | D:8      | Found a basalt altar of Yredelemnul.
 12491 | D:8      | Found a broken altar of Ashenzari.
 12492 | D:8      | Found a glowing silver altar of Zin.
 12737 | D:9      | Killed a two-headed ogre
 13007 | D:9      | Reached skill level 8 in Conjurations
 13122 | D:9      | Killed a catoblepas
 13664 | D:10     | Noticed a +0 dagger
 13668 | D:10     | Found a hide-covered altar of Uskayaw.
 14012 | D:10     | Found a stormy altar of Qazlal.
 14012 | D:10     | Found a sparkling altar of Nemelex Xobeh.
 14197 | D:11     | Noticed a two-headed ogre
 14201 | D:11     | Acquired the orb of Space {light, *Slow rN+++ Dex+3 Tloc}
 14214 | D:11     | Killed a two-headed ogre
 14350 | D:11     | Noticed a rakshasa
 14393 | D:11     | Noticed Josephine
 14395 | D:11     | Offered knowledge of Sticky Flame by Vehumet.
 14399 | D:11     | Noticed a centaur warrior
 14411 | D:10     | Reached skill level 10 in Fighting
 14411 | D:10     | Reached skill level 9 in Conjurations
 14594 | D:11     | Killed a centaur warrior
 14595 | D:11     | Gained mutation: You can use your snake-like lower body to
                  | constrict enemies. [Naga growth]
 14595 | D:11     | Reached XP level 13. HP: 65/123 MP: 20/25
 15276 | D:11     | Killed Josephine
 15322 | Lair:1   | Entered Level 1 of the Lair of Beasts
 15563 | Lair:1   | Identified the +0 leather armour of Devotion {Rampage rElec
                  | rN+}
 15628 | Lair:1   | Learned a level 6 spell: Starburst
 15707 | Lair:1   | Noticed Gastronok
 15716 | Lair:1   | Killed Gastronok
 15717 | Lair:1   | Reached skill level 10 in Conjurations
 16316 | Lair:2   | Found a blossoming altar of Fedhas.
 16383 | Lair:2   | Noticed Maggie
 16387 | Lair:2   | Killed Maggie
 16408 | Lair:2   | Reached ***** piety under Vehumet
 16408 | Lair:2   | Offered knowledge of Conjure Ball Lightning by Vehumet.
 16782 | Lair:2   | Reached skill level 10 in Spellcasting
 16945 | Lair:2   | Reached skill level 11 in Conjurations
 16946 | Lair:2   | Reached XP level 14. HP: 127/136 MP: 18/28
 17079 | Lair:2   | Found a staircase to the Shoals.
 17273 | Lair:2   | Found a staircase to the Snake Pit.
 17459 | Lair:2   | Identified the +5 long sword "Ymion" {freeze, rElec rC+
                  | Str+5}
 18431 | Lair:3   | Reached skill level 12 in Conjurations
 18894 | Lair:3   | Offered knowledge of Irradiate by Vehumet.
 18904 | Lair:3   | Learned a level 5 spell: Irradiate
 19211 | Lair:4   | Reached skill level 1 in Alchemy
 20423 | Lair:5   | Entered Level 5 of the Lair of Beasts
 20777 | Lair:5   | Reached skill level 5 in Alchemy
 21034 | Lair:5   | Noticed Kirke
 21258 | Lair:5   | Killed Kirke
 21425 | Lair:5   | Reached skill level 1 in Armour
 21560 | Lair:5   | Reached XP level 15. HP: 147/147 MP: 17/30
 22208 | Lair:5   | Found a staircase to the Slime Pits.
 22732 | Lair:5   | Offered knowledge of Plasma Beam by Vehumet.
 22759 | Lair:5   | Identified the staff of Corporal Punishment {rC+ rCorr
                  | Earth}
 23495 | D:11     | Identified the +8 falchion of Puakhoem {freeze, rN+ Str+2}
 23495 | D:11     | Identified the +7 short sword of Doom {drain, rN++ Int+4
                  | Dex-2}
 23506 | D:11     | Upgraded the game from 0.32-a0-673-g3729bd50f8 to
                  | 0.32-a0-675-gdc239d62e1
 23546 | D:12     | Reached skill level 13 in Conjurations
 25359 | Orc:2    | Entered Level 2 of the Orcish Mines
 25613 | Orc:2    | Noticed an orc warlord
 25618 | Orc:2    | Killed an orc warlord
 25991 | Orc:1    | Offered knowledge of Spellforged Servitor by Vehumet.
 26012 | Orc:1    | Learned a level 7 spell: Spellforged Servitor
 26297 | Orc:1    | Found Ozikuoc's Antique Armour Shoppe.
 26307 | Orc:1    | Bought a faintly humming cloak for 171 gold pieces
 26307 | Orc:1    | Identified the +2 cloak "Tat Roj" {MP+9 Dex+3} (You bought
                  | it in a shop on level 1 of the Orcish Mines)
 26307 | Orc:1    | Bought a heavily runed leather armour for 126 gold pieces
 26307 | Orc:1    | Identified the +1 leather armour of the First Knaves {Str+4
                  | SInv} (You bought it in a shop on level 1 of the Orcish
                  | Mines)
 26475 | Orc:2    | Reached skill level 1 in Summonings
 26497 | Orc:2    | Found a radiant altar of Vehumet.
 26498 | Orc:2    | Noticed Erolcha
 26504 | Orc:2    | Killed Erolcha
 26560 | Orc:2    | Found Lowufun's Jewellery Shop.
 26584 | Orc:2    | Found an ancient bone altar of Kikubaaqudgha.
 26699 | Orc:2    | Found Kahuwaes's Distillery.
 26729 | Orc:2    | Found a roughly hewn altar of Beogh.
 26778 | Orc:2    | Found Mijo's Antique Weapon Boutique.
 26786 | Orc:2    | Found Esteon's Distillery.
 27244 | D:13     | Noticed a ghost moth
 27245 | D:13     | Found the +9 staff of Olgreb {rPois∞}
 27247 | D:13     | Noticed a ghost moth
 27293 | D:13     | Identified the +5 chain mail of Zakun {rElec rN+ Will-
                  | Str+3 Stlth+}
 27371 | D:13     | Noticed an emperor scorpion
 27372 | D:13     | Found a runed translucent gate.
 27374 | D:13     | Found a runed translucent door.
 27376 | D:13     | Found a runed translucent gate.
 27394 | D:13     | Reached XP level 16. HP: 145/153 MP: 29/32
 27441 | D:13     | Found a runed translucent gate.
 27579 | D:13     | Noticed Rupert
 27586 | D:13     | Killed Rupert
 27735 | D:13     | Reached skill level 5 in Summonings
 27881 | D:13     | Found a runed translucent door.
 28035 | D:13     | Learned a level 5 spell: Fireball
 28581 | D:14     | Noticed Roxanne
 28686 | D:14     | Offered knowledge of Bombard by Vehumet.
 28694 | D:14     | Found a gate to the Vaults.
 29067 | D:15     | Entered Level 15 of the Dungeon
 29078 | D:15     | Noticed Agnes
 29087 | D:15     | Killed Agnes
 29412 | D:15     | Learned a level 6 spell: Bombard
 29698 | D:15     | Found a staircase to the Depths.
 29828 | D:15     | Noticed Louise
 29841 | D:15     | Killed Louise
 30756 | Shoals:1 | Entered Level 1 of the Shoals
 31093 | Lair:2   | Upgraded the game from 0.32-a0-675-gdc239d62e1 to
                  | 0.32-a0-685-g93135e86f0
 31614 | Shoals:1 | Noticed a kraken
 31622 | Shoals:1 | Killed a kraken
 31623 | Shoals:1 | Reached skill level 15 in Spellcasting
 31741 | Shoals:1 | Noticed a kraken
 31757 | Shoals:1 | Killed a kraken
 31856 | Shoals:1 | Identified the ring "Nyaqib" {rN+ Int+6}
 32428 | Shoals:1 | Noticed a kraken
 32442 | Shoals:1 | Killed a kraken
 32443 | Shoals:1 | Reached XP level 17. HP: 163/163 MP: 13/36
 32624 | Shoals:2 | Reached skill level 14 in Conjurations
 32625 | Shoals:2 | Noticed Ilsuiw
 32631 | Shoals:2 | Killed Ilsuiw
 33165 | Shoals:2 | Offered knowledge of Eringya's Noxious Bog by Vehumet.
 33419 | Shoals:2 | Found Gileas's Magic Scroll Boutique.
 33477 | Shoals:2 | Reached skill level 15 in Conjurations
 34328 | Shoals:3 | Noticed Polyphemus
 34653 | Shoals:3 | Identified the +3 leather armour "Gedd" {rPois MP+9}
 35012 | Shoals:3 | Killed Polyphemus
 35389 | Shoals:3 | Identified the serpent talisman of the Rotten God {rC+
                  | Slay+2}
 35389 | Shoals:3 | Noticed Aizul
 35394 | Shoals:3 | Killed Aizul
 35481 | Shoals:3 | Found Qeorraoq's General Store.
 35492 | Shoals:3 | Bought 3 scrolls of blinking for 382 gold pieces
 35634 | Shoals:3 | Noticed a kraken
 35644 | Shoals:3 | Killed a kraken
 35764 | Shoals:4 | Entered Level 4 of the Shoals
 35839 | Shoals:4 | Noticed Donald
 35844 | Shoals:4 | Killed Donald
 36451 | Shoals:4 | Found a glowing silver altar of Zin.
 36472 | Shoals:4 | Reached XP level 18. HP: 134/171 MP: 7/38
 36618 | Shoals:4 | Got a barnacled rune of Zot
 36805 | Shoals:4 | Found a white marble altar of Elyvilon.
 37086 | Shoals:4 | Found a glowing golden altar of the Shining One.
 37248 | Shoals:4 | Learned a level 7 spell: Orb of Destruction
 37421 | Snake:1  | Entered Level 1 of the Snake Pit
 37519 | Snake:1  | Reached ****** piety under Vehumet
 37705 | Snake:1  | Offered knowledge of Ozocubu's Refrigeration by Vehumet.
 39890 | Snake:2  | Identified the +0 leather armour of Disaster {rN+ Str+3}
 40131 | Snake:2  | Found Reank's Jewellery Shop.
 40131 | Snake:2  | Found Inoukal's Magic Scroll Shop.
 40135 | Snake:2  | Found Pielo's Book Shop.
 40136 | Snake:2  | Found Daachuod's Antique Weapon Shop.
 40151 | Snake:2  | Found Fovon's Distillery.
 40161 | Snake:2  | Bought a potion of enlightenment for 65 gold pieces
 40161 | Snake:2  | Bought a potion of enlightenment for 65 gold pieces
 40420 | Snake:3  | Reached skill level 5 in Armour
 40952 | Snake:3  | Reached skill level 16 in Conjurations
 42296 | Snake:3  | Identified the +2 scale mail of Mysticism {Int+3}
 42463 | Snake:4  | Entered Level 4 of the Snake Pit
 42495 | Snake:4  | Noticed Mara
 42500 | Snake:4  | Noticed Berder's illusion
 42501 | Snake:4  | Killed Mara
 42502 | Snake:4  | Reached XP level 19. HP: 152/178 MP: 17/41
 42859 | Snake:4  | Noticed Nikola
 42871 | Snake:4  | Killed Nikola
 43510 | Snake:4  | Found Vuamieq's Book Emporium.
 43521 | Snake:4  | Bought an Everburning Encyclopedia for 532 gold pieces
 43568 | Snake:4  | Noticed Mlioglotl
 43585 | Snake:4  | Killed Mlioglotl
 44703 | Snake:4  | Reached skill level 10 in Fire Magic
 44864 | Snake:4  | Reached skill level 17 in Conjurations
 45059 | Snake:4  | Offered knowledge of Fire Storm by Vehumet.
 45059 | Snake:4  | Offered knowledge of Chain Lightning by Vehumet.
 45059 | Snake:4  | Offered knowledge of Polar Vortex by Vehumet.
 45408 | Snake:4  | Got a serpentine rune of Zot
 45863 | Vaults:1 | Entered Level 1 of the Vaults
 46434 | Vaults:1 | Paralysed by a formless jellyfish for 1 turns
 46870 | Vaults:1 | Reached XP level 20. HP: 187/187 MP: 39/42
 46881 | Vaults:1 | Learned a level 2 spell: Searing Ray
 48812 | Vaults:2 | Learned a level 8 spell: Ignition
 49047 | Vaults:2 | Found a staircase to the Crypt.
 49987 | Vaults:2 | Reached skill level 10 in Armour
 50047 | Vaults:2 | Identified the death talisman "Ukobb" {+Blink Will+}
 51053 | Vaults:2 | Reached skill level 15 in Fire Magic
 51061 | Vaults:2 | Reached XP level 21. HP: 187/194 MP: 38/43
 53522 | Vaults:4 | Reached skill level 18 in Conjurations
 53894 | Vaults:4 | Identified the +5 scale mail "Luadup" {rC+ Dex+3}
 54381 | Vaults:4 | Found Vysaomp's General Store.
 54446 | Vaults:4 | Bought a scroll of blinking for 97 gold pieces
 54965 | Orc:2    | Reached XP level 22. HP: 202/202 MP: 44/44
 55014 | Orc:2    | Found a staircase to the Elven Halls.
 55204 | Elf:1    | Entered Level 1 of the Elven Halls
 55394 | Elf:1    | Found a crumbling gateway.
 55406 | Elf:1    | Found a glowing silver altar of Zin.
 55406 | Elf:1    | Found a glowing golden altar of the Shining One.
 55407 | Elf:1    | Found a white marble altar of Elyvilon.
 55540 | Desolati | Entered the Desolation of Salt
 56285 | Desolati | Got Utaff's Cyclopedia of the Winter and Aeromancy
 56293 | Desolati | Identified the +2 ring mail "Emetu" {+Blink rC+ Regen+}
 56584 | Desolati | Found the ring of the Octopus King
 56589 | Desolati | Identified a ring of the Octopus King {Wiz HP+2 AC+2 EV+2
                  | SH+2}
 56591 | Desolati | Identified the +5 mace of Watchfulness {venom, rF+ Dex+3}
 56594 | Desolati | Identified the staff of the Hierophant {rPois rC+ rCorr Ice
                  | Earth}
 56595 | Desolati | Identified the +1 leather armour of the Silversmith {rElec
                  | Stlth+}
 56727 | Desolati | Identified the ring "Dutz" {rElec rC- rN+ rCorr Int+4}
 56731 | Desolati | Identified the +1 leather armour "Viboger" {rPois rF- rN++}
 57223 | Elf:1    | Reached skill level 19 in Conjurations
 58214 | Elf:2    | Found a runed translucent door.
 58287 | Elf:2    | Found a runed translucent gate.
 58287 | Elf:2    | Found a runed translucent gate.
 58301 | Elf:2    | Found a runed translucent gate.
 58506 | Elf:1    | Found an ancient bone altar of Kikubaaqudgha.
 59379 | Elf:2    | Noticed Zenata
 59383 | Elf:2    | Killed Zenata
 59714 | Elf:2    | Paralysed by an air elemental for 1 turns
 59716 | Elf:2    | Paralysed by an air elemental for 1 turns
 59934 | Elf:2    | Identified the +2 storm dragon scales of Feasting {+Blink
                  | rElec Dex+2}
 60031 | Elf:2    | Identified the staff of Shrieking Terror {+Blink rElec Air
                  | Alchemy}
 60144 | Elf:3    | Entered Level 3 of the Elven Halls
 60689 | Elf:3    | Noticed Bai Suzhen
 60690 | Elf:3    | Reached XP level 23. HP: 210/210 MP: 45/45
 60693 | Elf:3    | Killed Bai Suzhen
 60968 | Elf:3    | Identified the amulet of Eternity {Reflect rC++ rN++ Str-2
                  | SH+5}
 61150 | Elf:3    | Identified the +8 chain mail of the Morning {Int+4 Slay+4}
 61281 | Elf:3    | Identified the ring "Cohoem" {Fire ^Drain rN+ Int+4}
 61285 | Elf:3    | Identified the +5 morningstar of the Middle {freeze,
                  | *Corrode rC++}
 61362 | Elf:3    | Identified the quicksilver dragon scales of the Doldrums
                  | {+Inv rF+ rC+ Will+}
 61546 | Elf:3    | Identified the +4 flail of Regugub {pain, rF+ Will+}
 61796 | Elf:3    | Identified the staff of Fysafuoq {rPois rN+ Will+ MP+9
                  | Stlth+ Necro}
 61822 | Elf:3    | Reached skill level 20 in Conjurations
 61822 | Elf:3    | Reached XP level 24. HP: 218/218 MP: 45/45
 61878 | Elf:3    | Identified the +4 longbow of Osaotsuk {speed, rElec Str+2
                  | Int+4}
 62723 | Depths:1 | Entered Level 1 of the Depths
 62723 | Depths:1 | Found a bloodstained altar of Trog.
 62913 | Depths:1 | Found a one-way gateway to a ziggurat.
 63873 | Depths:1 | Found a gateway to Hell.
 64404 | Depths:2 | Reached skill level 15 in Armour
 64404 | Depths:2 | Reached XP level 25. HP: 221/225 MP: 45/45
 64425 | Depths:2 | Reached skill level 21 in Conjurations
 64431 | Depths:2 | You fall into a shaft and drop 1 floor!
 64490 | Depths:2 | Found Tarurphoq's Book Shoppe.
 64497 | Depths:2 | Found a magical portal.
 64506 | WizLab   | Entered Tukima's Studio
 65161 | WizLab   | Learned a level 9 spell: Fire Storm
 65320 | WizLab   | Upgraded the game from 0.32-a0-685-g93135e86f0 to
                  | 0.32-a0-699-g1ee5eff69a
 65646 | Depths:2 | Found Kamosala's Antique Armour Emporium.
 65648 | Depths:2 | Found Ogehad's Magic Scroll Shoppe.
 65722 | Depths:2 | Bought a scroll of enchant armour for 150 gold pieces
 65723 | Depths:2 | Bought a scroll of amnesia for 80 gold pieces
 65816 | Depths:2 | Found a one-way gate to the infinite horrors of the Abyss.
 66176 | Depths:2 | Found a one-way gate leading to the halls of Pandemonium.
 66490 | Depths:2 | Noticed a juggernaut
 66493 | Depths:2 | Killed a juggernaut
 66564 | Depths:2 | Identified the +4 glaive of Corpus Delicti {venom, Will+
                  | Int+2}
 67360 | Depths:3 | Gained mutation: You sometimes lose your temper in combat.
                  | [a cacodemon]
 67911 | Depths:3 | Found a portal to a secret trove of treasure.
 68736 | Depths:3 | Noticed a juggernaut
 68740 | Depths:3 | Killed a juggernaut
 68862 | Depths:3 | Found the +16 obsidian axe {drain, demonic, Mesm ^Drain Fly
                  | SInv}
 68868 | Depths:3 | Identified the +2 great mace "Datigrec" {freeze, Int+4}
 68869 | Depths:3 | Identified the +4 sling "Uliwki" {speed, Will++}
 68870 | Depths:3 | Identified the +9 morningstar of Trauma {flame, rElec rPois
                  | Will+}
 68871 | Depths:3 | Identified the +10 morningstar "Obroder" {heavy, rF+ rC-
                  | Str+3 Int+3}
 68873 | Depths:3 | Identified the +5 halberd of Demonkind {chaos, rC+}
 69295 | Depths:4 | Entered Level 4 of the Depths
 69416 | Depths:4 | Reached XP level 26. HP: 224/238 MP: 45/46
 70739 | Depths:4 | Reached skill level 15 in Fighting
 71053 | Depths:4 | Reached skill level 22 in Conjurations
 71890 | Depths:4 | Found a gate to the Realm of Zot.
 72341 | Vaults:5 | Entered Level 5 of the Vaults
 72505 | Vaults:5 | Noticed a dread lich
 72511 | Vaults:5 | Killed a dread lich
 72527 | Vaults:5 | Reached XP level 27. HP: 172/252 MP: 47/47
 72549 | Vaults:5 | Noticed a dread lich
 72552 | Vaults:5 | Killed a dread lich
 73441 | Vaults:5 | Got the Incunable of Twinkling Abominable Words
 73445 | Vaults:5 | Identified the +1 ring mail of Ignis's Generosity {rF++
                  | Will- Int+5}
 73462 | Vaults:5 | Identified the +1 robe of Yhiam {Regen+ Int+2 Archmagi}
 73513 | Vaults:5 | Got Mara's Elucidation of the Retinue
 73559 | Vaults:5 | Identified the +8 glaive "Secesm Taggu" {antimagic, rF+}
 73627 | Vaults:5 | Identified the +2 morningstar of the Vendetta {drain, Fly
                  | rC+ Int-3}
 73646 | Vaults:5 | Identified the +12 demon whip of Sihaun {drain, Will+ Str-4
                  | Int+6 Dex+2}
 73815 | Vaults:5 | Got a silver rune of Zot
 74156 | Vaults:3 | Reached skill level 1 in Maces & Flails
 74380 | Zot:1    | Entered Level 1 of the Realm of Zot
 74686 | Zot:1    | Reached skill level 5 in Maces & Flails
 75133 | Zot:2    | Reached skill level 23 in Conjurations
 75593 | Zot:3    | Reached skill level 24 in Conjurations
 76686 | Zot:3    | Reached skill level 25 in Conjurations
 76751 | Zot:3    | Identified the +9 morningstar "Hell-Harrower" {drain, rElec
                  | rC+}
 77726 | Zot:3    | Reached skill level 26 in Conjurations
 78607 | Zot:5    | Entered Level 5 of the Realm of Zot
 78644 | Zot:5    | Reached skill level 27 in Conjurations
 78973 | Zot:5    | Noticed a dread lich
 78974 | Zot:5    | Killed a dread lich
 79061 | Zot:5    | Noticed an ancient lich
 79063 | Zot:5    | Noticed an orb of fire
 79067 | Zot:5    | Killed an ancient lich
 79067 | Zot:5    | Killed an orb of fire
 79212 | Zot:5    | Noticed a dread lich
 79214 | Zot:5    | Killed an ancient lich
 79231 | Zot:5    | Noticed an orb of fire
 79234 | Zot:5    | Killed an orb of fire
 79401 | Zot:5    | Noticed an ancient lich
 79404 | Zot:5    | Killed an ancient lich
 79412 | Zot:5    | Noticed an ancient lich
 79414 | Zot:5    | Killed an ancient lich
 79426 | Zot:5    | Killed a dread lich
 79442 | Zot:5    | Noticed an orb of fire
 79445 | Zot:5    | Gained mutation: You occasionally lose the ability to drink
                  | potions when taking damage. [an orb of fire]
 79464 | Zot:5    | Gained mutation: Your health recovers twice as slowly from
                  | being drained. [an orb of fire]
 79465 | Zot:5    | Killed an orb of fire
 79652 | Zot:5    | Learned a level 8 spell: Lehudib's Crystal Spear
 79670 | Zot:5    | Noticed a dread lich
 79672 | Zot:5    | Killed a dread lich
 79787 | Zot:5    | Identified the ring "Sogh" {Fly rC+ Str+6}
 79812 | Zot:5    | Noticed a dread lich
 79816 | Zot:5    | Killed a dread lich
 79963 | Zot:5    | Noticed a dread lich
 79965 | Zot:5    | Killed a dread lich
 79968 | Zot:5    | Noticed an ancient lich
 79970 | Zot:5    | Killed an ancient lich
 80041 | Zot:5    | Noticed a dread lich
 80043 | Zot:5    | Killed a dread lich
 80247 | Zot:5    | Noticed an ancient lich
 80249 | Zot:5    | Killed an ancient lich
 80714 | Zot:5    | Got the Orb of Zot
 81012 | Depths:2 | Lost mutation: Your tail ends in a venomous barb. [potion
                  | of mutation]
 81012 | Depths:2 | Lost mutation: You are covered in fur. (AC +1) [potion of
                  | mutation]
 81012 | Depths:2 | Gained mutation: You have a pair of small antennae on your
                  | head. [potion of mutation]
 81012 | Depths:2 | Gained mutation: You have an uncontrollable temper. [potion
                  | of mutation]
 81012 | Depths:2 | Gained mutation: You are strong-willed. (Will+) [potion of
                  | mutation]
 81013 | Depths:2 | Lost mutation: Your health recovers twice as slowly from
                  | being drained. [potion of mutation]
 81013 | Depths:2 | Lost mutation: You have an uncontrollable temper. [potion
                  | of mutation]
 81013 | Depths:2 | Lost mutation: You occasionally lose the ability to drink
                  | potions when taking damage. [potion of mutation]
 81013 | Depths:2 | Gained mutation: Your tail ends in a venomous barb. [potion
                  | of mutation]
 81013 | Depths:2 | Gained mutation: You are highly strong-willed. (Will++)
                  | [potion of mutation]
 81013 | Depths:2 | Gained mutation: Your tail ends in a sharp venomous barb.
                  | [potion of mutation]
 81094 | D:14     | Killed Roxanne
 81486 | D:$      | Escaped with the Orb!

Illustrated notes

Levels and vault maps discovered:
D:1:      lemuel_arrival_hallway, layout_basic,
          dreamdust_ecumenical_altar_drowned_temple
D:2:      layout_rooms, uniq_crazy_yiuf_cottage, uniq_jessica, uniq_terence,
          uniq_robin, uniq_natasha
D:3:      layout_rooms, amethyst_killhole
D:4:      layout_rooms, mainiacjoe_overflow_boulevard, ebering_ghost_sewer_f,
          serial_library_hellmonk_semicircle
D:5:      layout_layer_cave, minmay_temple_entry_statues_pillars, serial_shops,
          nicolae_shop_just_a_little_nook, nicolae_shop_dragon_depot
D:6:      layout_cave_pools, vehumet_crystals, mainiacjoe_overflow_paths
D:7:      layout_loops_ring, grunt_dithmenos_smoke, nicolae_letterblocks
          [nicolae_letter_subblock, nicolae_letter_subblock,
          nicolae_letter_subblock, nicolae_letter_subblock,
          nicolae_letter_subblock, nicolae_letter_subblock,
          nicolae_letter_subblock, nicolae_letter_subblock,
          nicolae_letter_subblock, nicolae_letter_subblock,
          nicolae_letter_subblock, nicolae_letter_subblock,
          nicolae_letter_subblock, nicolae_letter_subblock,
          nicolae_letter_subblock, nicolae_letter_subblock,
          nicolae_letter_subblock, nicolae_letter_subblock,
          nicolae_letter_subblock, nicolae_letter_subblock,
          nicolae_letter_subblock, nicolae_letter_subblock,
          nicolae_letter_subblock, nicolae_letter_subblock,
          nicolae_letter_subblock], uniq_maurice
D:8:      layout_basic, mainiacjoe_overflow_alcove_3, uniq_joseph
D:9:      nzn_winding_woodlands_small [nzn_winding_woodlands_5x15_eye,
          nzn_winding_woodlands_center_garden,
          nzn_winding_woodlands_5x15_cabin], layout_rooms, fedhas_ov_isle_minmay
D:10:     layout_basic, gammafunk_temple_overflow_pools, dancing_weapons_uskayaw
D:11:     minmay_the_grid_4x2 [minmay_the_grid_gridbox, minmay_the_grid_armoury,
          minmay_the_grid_all_tris, minmay_the_grid_broken_lines,
          minmay_the_grid_medium_cups, minmay_the_grid_outer_diamond,
          minmay_the_grid_embedded, minmay_the_grid_prize_shrinking_boxes],
          layout_loops_ring, due_lair_maze_entry_diamond, erik_orc_1,
          portal_ice_cave_entry_imps, uniq_josephine
D:12:     layout_cave_pods, kennysheep_nondescript, grunt_ministairs_9,
          grunt_decor_fettered
D:13:     layout_loops_ring, minmay_guarded_unrand_staff_of_olgreb, uniq_rupert
D:14:     layout_cave_pools, david_vaults_1, infiniplex_staircase_9_rooms,
          uniq_roxanne
D:15:     hangedman_depths_entry_civil_slaughter, layout_irregular_city,
          minmay_misc_feat_roman, serial_bayou_lake_a, uniq_agnes, uniq_louise
Temple:   hellmonk_temple_beads
Lair:1:   layout_misc_corridors, grunt_forest_small_clearing_treed,
          grunt_megastairs_5, infiniplex_staircase_pool_2, uniq_gastronok
Lair:2:   dreamdust_isle_of_ice, layout_regular_city, elwin_shoals_entry_rooms,
          minmay_snake_entry_guardpost_medium, lemuel_oklob_altar, uniq_maggie
Lair:3:   beast_lair_carwin_large_3, layout_misc_corridors,
          chequers_serial_rivers_large_a, nicolae_lair_liquid_snakes,
          serial_bayou_shore_b
Lair:4:   layout_long_grid, infiniplex_staircase_pool
Lair:5:   evilmike_catoblepas_cave, layout_regular_city, slime_entry_2,
          uniq_kirke
Shoals:1: nicolae_shoals_lighthouse, layout_shoals
Shoals:2: layout_shoals, serial_shops, nicolae_shop_trees, uniq_ilsuiw
Shoals:3: dreamdust_from_the_deep, layout_shoals, serial_shops, shop,
          uniq_aizul, uniq_polyphemus
Shoals:4: shoals_end_hellmonk_holy_island, uniq_donald
Snake:1:  layout_layer_cave, grunt_megastairs_1, lemuel_fruit_tree
Snake:2:  layout_misc_corridors, serial_shops, shop,
          nicolae_snake_yet_another_twisty_hallway, drop_trap,
          minmay_shop_grid_forest
Snake:3:  layout_chambers, serial_bayou_shore_b
Snake:4:  grunt_snake_rune_spirals, layout_onion, serial_shops,
          nicolae_shop_tiny_waterfront, grunt_ministairs_4,
          nicolae_twisty_statue_hallways, serial_bayou_shore_a, uniq_mlioglotl,
          uniq_mara, uniq_nikola
Orc:1:    layout_caves, serial_shops, nicolae_lakefront_shop
Orc:2:    kennysheep_orc_mage_school, layout_caves
Elf:1:    layout_geoelf_grid, portal_desolation_entry_holy_temple,
          hangedman_corner_corridor, grunt_ministairs_3, lemuel_upstairs_altar
Elf:2:    nicolae_elf_blades_splatter_lattice [infiniplex_blade_entry_pillars],
          layout_loops_cross, hangedman_aerie_drop, uniq_zenata
Elf:3:    minmay_elf_hall_not_hex, layout_loops_cross, evilmike_minifort,
          uniq_bai_suzhen
Vaults:1: nicolae_vaults_more_shelving_1, vaults_room_boxed,
          vaults_room_corners, nicolae_vaults_angled_halls,
          nicolae_vaults_specimen_jars, v_pattern_1, nicolae_vaults_house_1,
          grunt_vaults_funnel, st_cells, nicolae_vaults_angled_halls,
          layout_vaults_big_room
Vaults:2: vaults_dpeg_cross, minmay_crypt_entry_simple_round,
          nicolae_vaults_loss_of_containment, nicolae_vaults_closet_pinwheel_6,
          nicolae_vaults_trapezoid_lopsided_1, nicolae_vaults_circle_grid_a,
          nicolae_vaults_tangram_2, nicolae_vaults_network_s,
          nicolae_vaults_little_squares_5, vaults_mumra_minichess,
          hangedman_vaults_maws, vaults_dpeg_diagonal,
          nicolae_vaults_layer_cake_slice, layout_vaults_omnibox
Vaults:3: kennysheep_ogre_elephant_herders, nicolae_vaults_network_periphery,
          serial_library_hellmonk_reading_circle, nicolae_vaults_trapezoid_3,
          ontoclasm_vaults_claustrophobia, v_misc_30, hangedman_vaults_slither,
          nicolae_vaults_asterisk, v_rooms_1, layout_vaults_omnigrid
Vaults:4: grunt_vaults_hallway_short, v_misc_29,
          nicolae_vaults_shipping_containers_4, nicolae_vaults_trapezoid_1,
          v_misc_5, nicolae_vaults_sealed_display,
          vaults_room_grunt_arrival_ludios, v_alt_pattern_4,
          nicolae_vaults_little_squares_1, nicolae_vaults_storage_closets_3,
          vaults_dpeg_encased_lava, lightli_orcish_oven,
          nicolae_vaults_trapezoid_lopsided_3, ontoclasm_vaults_gateway,
          layout_vaults_maze_snakey, serial_shops, nicolae_shop_tiny_glass
Vaults:5
Depths:1: layout_honeycomb, enter_ziggurat_f, hangedman_coc_ice_floe,
          trog_three_pillars_becter, grunt_megastairs_4
Depths:2: minmay_three_patterns, layout_small_grid, corexii_leaking_fountain,
          hell_entry, nicolae_abyss_entry_one_way_or_another, mu_enter_wizlab_4,
          rand_demon_pan_entry_9, minmay_shop_star
Depths:3: giant_chief_lemuel, layout_gridlike, nicolae_zig_zag_zippers,
          abyss_entry, enter_trove_0, grunt_pan_entry_zigzag,
          pf_hell_entry_tar_river, fake_guardian_serpent_vault, uniq_margery
Depths:4: grunt_runaround [grunt_runaround_zot, grunt_runaround_doors_1,
          grunt_runaround_doors_2, grunt_runaround_doors_3,
          grunt_runaround_doors_4], hell_entry, abyss_entry
Zot:1:    layout_misc_corridors
Zot:2:    layout_gridlike, regret_index_zotdec_twisting_globes
Zot:3:    lemuel_halls_of_wrath, layout_gridlike, bh_zot_lava_cross,
          regret_index_zotdec_banners
Zot:4:    cheibrodos_frozen_isle, layout_gridlike, lemuel_baited_zot_trap,
          zot_minivault_8
Zot:5:    layout_misc_corridors

Skill      XL: |  1  2  3  4  5  6  7  8  9 10 11 12 13 14 15 16 17 18 19 20 21 22 23 24 25 26 27 |
---------------+----------------------------------------------------------------------------------+-----
Conjurations   | 2 3 4 5 6 7 9 11 12 13 15 16 17 18 19 20 21 22 27 | 27.0
Fire Magic     | 4 5 6 7 8 11 15 16 17 18 19 20 21 | 21.6
Fighting       | 2 5 7 8 10 11 13 14 16 | 16.5
Earth Magic    | 2 5 9 |  9.9
Dodging        | 2 4 6 7 |  7.3
Spellcasting   | 3 5 6 7 8 10 11 12 15 16 18 19 20 23 | 23.0
Ice Magic      | 2 5 6 |  6.4
Air Magic      | 2 5 6 8 |  8.0
Alchemy        | 5 |  5.9
Armour         | 1 4 6 8 10 12 13 14 15 | 15.0
Summonings     | 4 6 |  6.2
Maces & Flails | 8 |  8.0
Stealth        | |  3.0

Action                     |  1- 3 |  4- 6 |  7- 9 | 10-12 | 13-15 | 16-18 | 19-21 | 22-24 | 25-27 || total
---------------------------+-------+-------+-------+-------+-------+-------+-------+-------+-------++-------
  Melee: Unarmed           |    10 |       |       |       |       |       |       |       |       ||    10
         Dagger            |    11 |     7 |       |       |       |       |       |       |       ||    18
         Staff             |       |     3 |    22 |    64 |   314 |    91 |    88 |    65 |    41 ||   688
         Constrict         |       |       |       |       |    85 |    29 |    26 |    23 |    13 ||   176
         Demon whip        |       |       |       |       |       |       |       |       |    44 ||    44
   Fire: Orcbow            |       |       |     8 |       |       |       |       |       |       ||     8
   Cast: Foxfire           |    51 |   110 |   180 |   198 |    61 |    30 |    30 |    25 |     2 ||   687
         Scorch            |       |     7 |    49 |   125 |    25 |       |       |       |       ||   206
         Stone Arrow       |       |       |    23 |    30 |    45 |    25 |    18 |    18 |       ||   159
         Flame Wave        |       |       |     1 |    18 |       |       |       |       |       ||    19
         Passwall          |       |       |       |     9 |       |       |       |     1 |     3 ||    13
         Freezing Cloud    |       |       |       |    12 |    55 |    21 |    10 |     7 |     2 ||   107
         Starburst         |       |       |       |       |   186 |   170 |   106 |    29 |    31 ||   522
         Irradiate         |       |       |       |       |     3 |     6 |     7 |     8 |     6 ||    30
         Spellforged Servi |       |       |       |       |     1 |     6 |       |     5 |     2 ||    14
         Fireball          |       |       |       |       |       |   378 |   557 |   211 |    29 ||  1175
         Orb of Destructio |       |       |       |       |       |    10 |     5 |    23 |    13 ||    51
         Bombard           |       |       |       |       |       |     2 |     8 |   135 |    99 ||   244
         Ignition          |       |       |       |       |       |       |    20 |    42 |    28 ||    90
         Fire Storm        |       |       |       |       |       |       |       |       |   544 ||   544
Ability: Spit Poison       |     3 |     3 |    10 |    13 |     2 |       |       |       |       ||    31
         Evoke Blink       |       |       |       |       |       |       |       |     1 |       ||     1
  Evoke: Wand              |       |       |       |     7 |     2 |     3 |     7 |     2 |     7 ||    28
         Lightning rod     |       |       |       |       |       |     1 |       |       |     1 ||     2
         Tin of tremorston |       |       |       |       |       |     1 |       |       |       ||     1
         Phial of floods   |       |       |       |       |       |       |     1 |     1 |       ||     2
    Use: Scroll            |       |       |     7 |    11 |     5 |     8 |     3 |     7 |    11 ||    52
         Potion            |       |       |     3 |    10 |       |     1 |     1 |     2 |     6 ||    23
   Stab: Sleeping          |       |       |       |       |     9 |     1 |       |     2 |       ||    12
         Distracted        |       |       |       |       |       |     1 |       |       |       ||     1
 Armour: Robe              |    27 |    29 |    36 |   145 |   452 |   332 |       |       |       ||  1021
         Skin              |       |       |       |       |     1 |       |       |       |       ||     1
         Leather armour    |       |       |       |       |       |    12 |   277 |   269 |   369 ||   927
  Dodge: Dodged            |    15 |    11 |    68 |   135 |   295 |   146 |   108 |   103 |    92 ||   973
  Block: Other             |       |     2 |    29 |    44 |    95 |    66 |    45 |     1 |    26 ||   308
         Reflection        |       |       |       |     4 |     1 |    10 |    10 |       |       ||    25

Table legend: (Time is in decaauts)
 A = Elapsed time spent in this place.
 B = Non-inter-level travel time spent in this place.
 C = Inter-level travel time spent in this place.
 D = Time resting spent in this place.
 E = Time spent auto-exploring this place.
 F = Levels seen in this place.
 G = Mean time per level.
                   A        B        C        D        E       F      G
               +--------+--------+--------+--------+--------+-----+--------+
         Total |  96407 |  90991 |   5416 |  24042 |  47267 |  50 | 1928.1 |
       Dungeon |  27004 |  24756 |   2248 |   5304 |  12972 |  15 | 1800.3 |
        Temple |      1 |      1 |      0 |      0 |      0 |   1 |    1.0 |
          Lair |   9762 |   9079 |    683 |   1595 |   5452 |   5 | 1952.4 |
        Shoals |   7182 |   6976 |    206 |   2794 |   2625 |   4 | 1795.5 |
     Snake Pit |   9699 |   9459 |    240 |   2529 |   5621 |   4 | 2424.8 |
  Orcish Mines |   2620 |   2429 |    191 |    300 |   1551 |   2 | 1310.0 |
   Elven Halls |   7196 |   6839 |    357 |   1804 |   3595 |   3 | 2398.7 |
        Vaults |  12633 |  12096 |    537 |   2581 |   7791 |   5 | 2526.6 |
        Depths |  10662 |  10044 |    618 |   3209 |   5019 |   4 | 2665.5 |
           Zot |   7230 |   6897 |    333 |   2952 |   2095 |   5 | 1446.0 |
        Wizlab |    915 |    915 |      0 |    514 |    115 |   1 |  915.0 |
    Desolation |   1498 |   1498 |      0 |    457 |    426 |   1 | 1498.0 |
               +--------+--------+--------+--------+--------+-----+--------+

Top non-repeatable levels by time:
    D:11: 4488 daAuts
Vaults:1: 3767 daAuts
 Snake:4: 3528 daAuts
Depths:4: 3457 daAuts
   Zot:3: 3237 daAuts
     D:5: 3237 daAuts
   Elf:2: 2758 daAuts
Depths:2: 2685 daAuts
   Elf:3: 2669 daAuts
Depths:3: 2654 daAuts
  Lair:2: 2600 daAuts
Vaults:3: 2579 daAuts
  Lair:5: 2472 daAuts
Shoals:1: 2451 daAuts
   Zot:5: 2424 daAuts
